 Dungeon Crawl Stone Soup version 0.27.0-1-g7a089689b8 (webtiles) character file.

Game seed: 13709267319367671948

186395 rjrrt the Brawler (level 17, -5/172 HPs)
             Began as a Troll Fighter on Aug 9, 2021.
             Was the Champion of Okawaru.
             Slain by an ironbound beastmaster (17 damage)
             ... on level 1 of the Vaults on Aug 10, 2021.
             The game lasted 01:18:36 (27812 turns).

rjrrt the Brawler (Troll Fighter)                  Turns: 27812, Time: 01:18:37

Health: -5/172     AC: 19    Str: 35    XL:     17   Next: 43%
Magic:  23/23      EV: 13    Int:  6    God:    Okawaru [******]
Gold:   1210       SH: 13    Dex:  9    Spells: 16/16 levels left

rFire    . . .     SeeInvis +     - Unarmed
rCold    . . .     Faith    .   O - +0 kite shield
rNeg     . . .     Spirit   .   F - +4 acid dragon scales
rPois    +         Reflect  .   M - +2 hat
rElec    .         Harm     .   a - +2 cloak of the Thief {*Fog Slay-2 SInv Stlth+}
rCorr    +         Rampage  .   (gloves unavailable)
Will     ++...                  (boots unavailable)
Stlth    ++........             P - amulet of the acrobat
HPRegen  1.38/turn              y - ring of willpower
MPRegen  0.18/turn              S - ring "Etunuomn" {Drain rPois EV+4 Str+2 Int+2}

@: about to teleport, marked, studying Fighting
A: large, unfitting armour, claws 3, regeneration 1, shaggy fur 1, tough skin 1
}: 1/15 runes: gossamer
a: Renounce Religion, Heroism, Finesse


You were on level 1 of the Vaults.
You worshipped Okawaru.
Okawaru was exalted by your worship.
You visited 6 branches of the dungeon, and saw 29 of its levels.
You also visited: Ice Cave.

You collected 2364 gold pieces.
You spent 1154 gold pieces at shops.

Inventory:

Hand Weapons
 b - the +8 demon trident "Undertaker" {freeze, rN+ Dex+2}
   (Okawaru gifted it to you in an ice cave)

   It freezes those it strikes, dealing additional cold damage.
   It can also slow down cold-blooded creatures.
   Dex:       It affects your dexterity (+2).
   rN:        It protects you from negative energy.
Missiles
 d - 66 boomerangs (quivered)
 m - 8 curare-tipped darts
 s - 39 large rocks
 I - a throwing net
 V - 3 silver javelins
Armour
 a - the +2 cloak of the Thief (worn) {*Fog Slay-2 SInv Stlth+}
   (You acquired it on level 8 of the Dungeon)

   It may release a thick cloud of smoke when the wearer is hurt.
   Slay:      It affects your accuracy & damage with ranged weapons and melee
   (-2).
   SInv:      It lets you see invisible.
   Stlth:     It makes you more stealthy.
 F - +4 acid dragon scales (worn)
 M - a +2 hat (worn)
 O - a +0 kite shield (worn)
 R - a +0 tower shield of cold resistance
 U - a scarf of repulsion
Jewellery
 h - a +4 ring of protection
 i - a ring of protection from cold
 y - a ring of willpower (left claw)
 J - a ring of positive energy
 P - an amulet of the acrobat (around neck)
 S - the ring "Etunuomn" (right claw) {Drain rPois EV+4 Str+2 Int+2}
   (You bought it in a shop on level 2 of the Orcish Mines)

   [ring of evasion]

   EV:        It affects your evasion (+4).
   Str:       It affects your strength (+2).
   Int:       It affects your intelligence (+2).
   rPois:     It protects you from poison.
   Drain:     It drains your maximum health when unequipped.
Wands
 n - a wand of polymorph (28)
 o - a wand of flame (52)
 t - a wand of digging (17)
 C - a wand of charming (27)
 E - a wand of mindburst (13)
 G - a wand of paralysis (11)
 H - a wand of iceblast (9)
Scrolls
 e - 6 scrolls of teleportation
 g - 3 scrolls of fog
 k - a scroll of summoning
 u - 5 scrolls of identify
 x - 3 scrolls of fear
 A - 4 scrolls of silence
 D - 6 scrolls of magic mapping
 K - 3 scrolls of blinking
Potions
 c - 5 potions of might
 f - 5 potions of curing
 j - 4 potions of haste
 l - 6 potions of mutation
 p - 4 potions of lignification
 q - 3 potions of cancellation
 r - a potion of attraction
 v - 8 potions of heal wounds
 w - 7 potions of flight
 z - 4 potions of resistance
 B - 8 potions of ambrosia
 N - 3 potions of berserk rage
Miscellaneous
 L - a phial of floods
 Q - a condenser vane
 T - a lightning rod (4/4)


   Skills:
 + Level 11.6 Fighting
 * Level 11.9 Throwing
 + Level 8.7 Armour
 - Level 2.4 Dodging
 + Level 10.9 Shields
 * Level 17.0 Unarmed Combat
 - Level 10.0 Invocations
 + Level 5.2 Evocations


You had 16 spell levels left.
You didn't know any spells.
Your spell library contained the following spells:

 Spells                   Type           Power      Damage    Failure   Level
 Beastly Appendage        Tmut           0%         N/A       50%         1
 Corona                   Hex            0%         N/A       50%         1
 Foxfire                  Conj/Fire      0%         2x1d4     50%         1
 Sandblast                Erth           0%         2d4       50%         1
 Summon Small Mammal      Summ           0%         N/A       50%         1
 Blink                    Tloc           N/A        N/A       63%         2
 Corpse Rot               Necr/Air       N/A        N/A       63%         2
 Ensorcelled Hibernation  Hex/Ice        0%         N/A       63%         2
 Passwall                 Tmut/Erth      0%         N/A       63%         2
 Slow                     Hex            0%         N/A       63%         2
 Static Discharge         Conj/Air       0%         N/A       63%         2
 Sublimation of Blood     Necr           0%         N/A       63%         2
 Wereblood                Tmut           0%         N/A       63%         2
 Call Canine Familiar     Summ           0%         N/A       86%         3
 Confusing Touch          Hex            0%         N/A       86%         3
 Conjure Flame            Conj/Fire      0%         6-21      86%         3
 Dazzling Flash           Conj/Hex       0%         N/A       86%         3
 Gell's Gravitas          Tloc           0%         N/A       86%         3
 Inner Flame              Hex/Fire       0%         N/A       86%         3
 Lesser Beckoning         Tloc           0%         N/A       86%         3
 Spider Form              Tmut/Pois      0%         N/A       86%         3
 Summon Guardian Golem    Hex/Summ       0%         N/A       86%         3
 Teleport Other           Tloc           0%         N/A       86%         3
 Tukima's Dance           Hex            0%         N/A       86%         3
 Vampiric Draining        Necr           0%         2d6       86%         3
 Airstrike                Air            0%         N/A       99%         4
 Animate Armour           Summ/Erth      0%         N/A       99%         4
 Animate Dead             Necr           0%         N/A       99%         4
 Dispel Undead            Necr           0%         3d6       99%         4
 Hailstorm                Conj/Ice       0%         3d3       99%         4
 Ice Form                 Ice/Tmut       0%         N/A       99%         4
 Petrify                  Tmut/Erth      0%         N/A       99%         4
 Agony                    Necr           0%         N/A       100%        5
 Blade Hands              Tmut           0%         N/A       100%        5
 Borgnjor's Vile Clutch   Necr/Erth      0%         N/A       100%        5
 Freezing Cloud           Conj/Ice/Air   0%         6-21      100%        5
 Irradiate                Conj/Tmut      0%         3d14      100%        5
 Lee's Rapid Deconstruct  Erth           0%         3d5*      100%        5
 Lightning Bolt           Conj/Air       0%         1d11      100%        5
 Manifold Assault         Tloc           0%         N/A       100%        5
 Silence                  Hex/Air        0%         N/A       100%        5
 Death Channel            Necr           0%         N/A       100%        6
 Dispersal                Tloc           0%         N/A       100%        6
 Iron Shot                Conj/Erth      0%         9d1       100%        6
 Simulacrum               Ice/Necr       0%         N/A       100%        6
 Storm Form               Tmut/Air       0%         N/A       100%        7
 Maxwell's Capacitive Co  Air            0%         ∞         100%        8


Dungeon Overview and Level Annotations

Branches:
Dungeon (15/15)            Temple (1/1) D:6            Lair (6/6) D:9
 Shoals (0/4) Lair:4       Spider (4/4) Lair:4        Slime (0/5) Lair:5
    Orc (2/2) D:9             Elf (0/3) Orc:2        Vaults (1/5) D:14
 Depths (0/5) D:15          IceCv (visited)

Altars:
Ashenzari
Elyvilon
Nemelex Xobeh
Okawaru
Ru
Vehumet
Zin
The Shining One
Beogh
Jiyva
Lugonu

Shops:
D:4 ![:=   D:15 *   Orc:1 =   Orc:2 ??(?=

Portals:
Abyss: Lair:6

Annotations:
Lair:3 exclusion: oklob plant
Lair:5 1 runed translucent door


Innate Abilities, Weirdness & Mutations

You are too large for most types of armour.
You have claws for hands.
Your natural rate of healing is unusually fast.
You are covered in fur. (AC +1)
You have tough skin. (AC +1)


Message History

The yaktaur shoots a bolt.
The bolt hits you!!
With a swish of your cloak, you release a cloud of fog.
The stone giant barely misses you.
You mangle the ironbound preserver!!
The ironbound preserver is heavily wounded.
The ironbound preserver closely misses you.
The deep troll bites you! The deep troll claws you. The deep troll misses you.
The ironbound beastmaster hits you with a +0 whip!
The stone giant hits you!!
Unknown command.
You are too injured to fight recklessly!
Unknown command.
Unknown command.
Unknown command.
As you read the scroll of teleportation, it crumbles to dust.
You feel strangely unstable. The deep troll bites you!
* * * LOW HITPOINT WARNING * * *
You block the deep troll's attack.
The deep troll claws you but does no damage.
The ironbound beastmaster hits you with a +0 whip!!
* * * LOW HITPOINT WARNING * * *
The stone giant hits you.
* * * LOW HITPOINT WARNING * * *
You barely miss the ironbound preserver.
The ironbound preserver is heavily wounded.
The deep troll bites you!
* * * LOW HITPOINT WARNING * * *
You block the deep troll's attack. x2
You block the ironbound beastmaster's attack.
Unknown command.
You feel much better.
The ironbound preserver closely misses you.
The stone giant hits you!
* * * LOW HITPOINT WARNING * * *
The vault sentinel blows a loud note on a signal horn!
You block the deep troll's attack. The deep troll closely misses you.
The deep troll claws you!
* * * LOW HITPOINT WARNING * * *
The ironbound beastmaster hits you with a +0 whip!
You die...

.........# .........#
.........# .........#
.........# .........# .
.........# ...
.........##########.....
..............§p@pc.....
..............§pTC§§....
..............§§§c§.....
........................
########################


You could see an ironbound preserver, a stone giant (sheltered), a deep troll
(sheltered), an ironbound beastmaster (sheltered), a vault sentinel (sheltered,
catching breath) and 2 yaktaurs.

Vanquished Creatures
  Jorgrun (Orc:1)
  3 ghost moths (Spider:4)
  7 emperor scorpions (Spider:4)
  Aizul (Spider:1)
  An ironbound preserver (Vaults:1)
  An entropy weaver (Spider:2)
  2 spark wasps
  Snorg (Orc:2)
  2 ice dragons (D:15)
  Fannar (Lair:3)
  An ogre mage (Orc:2)
  5 hydras
  10 boulder beetles
  8 vault guards (D:14)
  12 centaur warriors
  A death knight (D:13)
  3 catoblepae
  2 ironbound frosthearts (IceCv)
  8 two-headed ogres
  A tengu warrior (D:14)
  4 thrashing horrors (Lair:6)
  12 death yaks
  3 orc high priests (Orc:2)
  Nergalle (Orc:1)
  4 deep trolls (Vaults:1)
  4 skeletal warriors (D:12)
  An ironbound convoker (Vaults:1)
  A deep elf pyromancer (D:13)
  4 orc sorcerers (Orc:2)
  9 ugly things
  4 orc knights (Orc:2)
  13 orb spiders
  5 cyclopes
  3 manticores
  17 wolf spiders
  9 elephants
  A vault sentinel (Vaults:1)
  A moth of wrath (Spider:4)
  A merfolk siren (Lair:4)
  A black mamba (Lair:2)
  2 torpor snails
  An ice statue (IceCv)
  A gargoyle (D:11)
  A smoke demon (Lair:6)
  Maggie (D:7)
  An unseen horror (shapeshifter) (Lair:6)
  A rime drake (shapeshifter) (Lair:6)
  8 komodo dragons
  An unseen horror (D:11)
  2 rime drakes
  9 cane toads
  2 kobold demonologists (D:11)
  5 yaktaurs (Vaults:1)
  12 demonic crawlers
  A tengu conjurer (D:14)
  An ancient zyme (Lair:6)
  2 queen bees
  3 freezing wraiths
  4 trolls
  21 jumping spiders
  8 polar bears
  3 meliai (D:13)
  Prince Ribbit (D:7)
  11 slime creatures
  2 hornets
  22 blink frogs
  Grinder (D:4)
  12 dream sheep
  A shadow (D:12)
  90 redbacks
  A spriggan (Lair:6)
  2 ynoxinuls (Lair:6)
  3 wraiths (D:13)
  23 tarantellas
  7 wyverns
  A chaos spawn (Lair:6)
  50 yaks
  A human (shapeshifter) (D:14)
  7 basilisks
  6 vampire mosquitoes
  2 acid dragons (D:11)
  A warg (Orc:1)
  A water moccasin (shapeshifter) (Lair:6)
  12 water moccasins
  4 black bears
  3 ice beasts
  5 necrophages
  23 orc warriors
  3 sky beasts
  8 ogres
  28 wolves
  15 centaurs
  A phantom (D:5)
  16 kobold brigands
  6 bullfrogs
  2 wyvern zombies
  A gnoll sergeant (D:5)
  3 scorpions
  A water moccasin zombie (D:5)
  14 killer bees (D:13)
  A water moccasin skeleton (D:5)
  21 wights
  4 howler monkeys
  4 electric eels
  A bullfrog zombie (D:7)
  2 centaur zombies
  A hound (D:4)
  A jelly (D:5)
  18 orc priests
  A centaur skeleton (D:4)
  2 gnoll shamans
  2 bullfrog skeletons
  3 iguanas
  18 orc wizards
  2 killer bee zombies
  11 small abominations (Lair:6)
  A hound zombie (D:5)
  A hound skeleton (D:4)
  2 mummies (D:10)
  3 howler monkey zombies (D:10)
  6 adders
  13 gnolls
  13 white imps
  An ufetubus (D:4)
  A dart slug (D:3)
  66 orcs
  9 ball pythons
  6 endoplasms
  3 giant cockroaches (D:4)
  11 goblins
  6 hobgoblins
  13 jackals
  4 quokkas
  6 bats
  5 frilled lizards
  28 kobolds
  7 rats
946 creatures vanquished.

Vanquished Creatures (others)
  2 redbacks
  16 fungi
  93 plants
111 creatures vanquished.

Grand Total: 1057 creatures vanquished

Notes
Turn   | Place    | Note
-------+----------+-------------------------------------------
     0 | D:1      | rjrrt the Troll Fighter began the quest for the Orb.
     0 | D:1      | Reached XP level 1. HP: 22/22 MP: 0/0
   133 | D:1      | Reached XP level 2. HP: 29/29 MP: 1/1
   687 | D:1      | Reached XP level 3. HP: 33/36 MP: 2/2
  1014 | D:2      | Reached skill level 3 in Unarmed Combat
  1029 | D:2      | Reached skill level 1 in Throwing
  1165 | D:2      | Reached XP level 4. HP: 33/44 MP: 3/3
  1527 | D:3      | Found a faded altar of an unknown god.
  1665 | D:3      | Found a sacrificial altar of Ru.
  1781 | D:4      | Found Aclesh's Jewellery Shoppe.
  1932 | D:4      | Reached skill level 4 in Unarmed Combat
  1932 | D:4      | Reached XP level 5. HP: 50/52 MP: 4/4
  1976 | D:4      | Found Pesitarch's Book Emporium.
  2056 | D:4      | Found Dis Qolu's Antique Armour Boutique.
  2067 | D:4      | Noticed Grinder
  2087 | D:4      | Killed Grinder
  2088 | D:4      | Reached skill level 1 in Evocations
  2088 | D:4      | Reached XP level 6. HP: 18/61 MP: 5/5
  2234 | D:4      | Found Qeoson's Distillery.
  2237 | D:4      | Bought a potion of curing for 36 gold pieces
  2237 | D:4      | Bought a potion of heal wounds for 60 gold pieces
  2237 | D:4      | Bought a potion of flight for 36 gold pieces
  2315 | D:4      | Found a white marble altar of Elyvilon.
  2403 | D:4      | Reached skill level 5 in Unarmed Combat
  2556 | D:4      | Reached XP level 7. HP: 67/67 MP: 6/6
  2632 | D:4      | Identified the +1 ring mail of Minor Irritation {rN+++}
  2725 | D:4      | Reached skill level 6 in Unarmed Combat
  3089 | D:4      | Reached XP level 8. HP: 61/74 MP: 7/7
  3170 | D:5      | Entered Level 5 of the Dungeon
  3336 | D:5      | Reached skill level 7 in Unarmed Combat
  3776 | D:6      | Reached skill level 5 in Shields
  3796 | D:6      | Reached skill level 8 in Unarmed Combat
  3973 | D:6      | Reached skill level 5 in Fighting
  3973 | D:6      | Reached XP level 9. HP: 86/88 MP: 8/8
  4375 | D:6      | Found a staircase to the Ecumenical Temple.
  5097 | Temple   | Entered the Ecumenical Temple
  5106 | Temple   | Became a worshipper of Warmaster Okawaru
  5188 | D:7      | Noticed Maggie
  5214 | D:6      | Reached skill level 9 in Unarmed Combat
  5238 | D:7      | Killed Maggie
  5295 | D:7      | Reached * piety under Okawaru
  5327 | D:7      | Noticed Prince Ribbit
  5335 | D:7      | Killed Prince Ribbit
  5336 | D:7      | Reached skill level 1 in Armour
  5421 | D:7      | Reached XP level 10. HP: 75/98 MP: 9/9
  5704 | D:8      | Reached ** piety under Okawaru
  5705 | D:8      | Reached skill level 1 in Invocations
  5803 | D:8      | Reached skill level 10 in Unarmed Combat
  5832 | D:8      | Identified a scroll of acquirement
  5832 | D:8      | Acquired the +2 cloak of the Thief {*Fog Slay-2 SInv
                  | Stlth+}
  5833 | D:8      | Found the +2 cloak of the Thief {*Fog Slay-2 SInv Stlth+}
  5876 | D:8      | Noticed Psyche
  5877 | D:8      | Noticed Psyche
  5877 | D:8      | Psyche changed into Psyche the water moccasin
  5885 | D:8      | Killed Psyche the water moccasin
  5924 | D:8      | Noticed Maurice
  5926 | D:8      | Noticed Maurice
  5926 | D:8      | Maurice changed into Maurice the ogre
  5932 | D:8      | Killed Maurice the ogre
  6344 | D:8      | Reached *** piety under Okawaru
  6975 | D:9      | Noticed a two-headed ogre
  6984 | D:9      | Killed a two-headed ogre
  6984 | D:9      | Reached **** piety under Okawaru
  7038 | D:9      | Found a staircase to the Lair.
  7073 | D:9      | Reached XP level 11. HP: 92/107 MP: 12/12
  7077 | D:9      | Reached skill level 11 in Unarmed Combat
  7570 | D:9      | Found a staircase to the Orcish Mines.
  7583 | Orc:1    | Entered Level 1 of the Orcish Mines
  7585 | Orc:1    | Noticed Nergalle
  7595 | Orc:1    | Killed Nergalle
  7657 | Orc:1    | Found Celuot's Jewellery Shoppe.
  7866 | Orc:2    | Entered Level 2 of the Orcish Mines
  7866 | Orc:2    | Noticed Jorgrun
  8370 | Lair:1   | Entered Level 1 of the Lair of Beasts
  8407 | Lair:1   | Reached ***** piety under Okawaru
  8425 | Lair:1   | Received a gift from Okawaru
  8448 | Lair:1   | Found a radiant altar of Vehumet.
  8550 | Lair:1   | Noticed a seven-headed hydra
  8610 | Lair:1   | Killed a seven-headed hydra
  8749 | Lair:1   | Noticed a four-headed hydra
  8831 | Lair:1   | Killed a four-headed hydra
  8832 | Lair:1   | Reached skill level 5 in Invocations
  9445 | Lair:2   | Reached XP level 12. HP: 107/118 MP: 15/15
  9468 | Lair:2   | Reached ****** piety under Okawaru
  9534 | Lair:2   | Received a gift from Okawaru
  9535 | Lair:2   | Reached skill level 12 in Unarmed Combat
 10356 | Lair:3   | Received a gift from Okawaru
 10391 | Lair:3   | Noticed a catoblepas
 10507 | Lair:3   | Noticed Fannar
 10517 | Lair:3   | Killed Fannar
 10601 | Lair:3   | Reached skill level 5 in Throwing
 10632 | Lair:3   | Killed a catoblepas
 10795 | Lair:3   | Found a sacrificial altar of Ru.
 11232 | Lair:4   | Noticed a catoblepas
 11382 | Lair:4   | Reached skill level 5 in Armour
 11516 | Lair:4   | Received a gift from Okawaru
 11533 | Lair:4   | Found a hole to the Spider Nest.
 11563 | Lair:4   | Found a frozen archway.
 11601 | IceCv    | Entered an ice cave
 11775 | IceCv    | Reached XP level 13. HP: 127/127 MP: 17/17
 11880 | IceCv    | Received a gift from Okawaru
 12074 | IceCv    | Reached skill level 13 in Unarmed Combat
 12212 | IceCv    | Identified the +8 demon trident "Undertaker" {freeze, rN+
                  | Dex+2} (Okawaru gifted it to you in an ice cave)
 12212 | IceCv    | Received a gift from Okawaru
 12678 | Lair:4   | Found a staircase to the Shoals.
 13134 | Lair:5   | Found a runed translucent door.
 13134 | Lair:5   | Found a viscous altar of Jiyva.
 13135 | Lair:5   | Found a staircase to the Slime Pits.
 13135 | Lair:5   | Noticed an acid blob
 13135 | Lair:5   | Noticed an acid blob
 13135 | Lair:5   | Noticed an acid blob
 13813 | Lair:6   | Entered Level 6 of the Lair of Beasts
 13954 | Lair:6   | Received a gift from Okawaru
 13981 | Lair:5   | Received a gift from Okawaru
 14532 | Lair:6   | Reached XP level 14. HP: 137/137 MP: 19/19
 14901 | Lair:6   | Reached skill level 14 in Unarmed Combat
 15320 | Lair:6   | Received a gift from Okawaru
 15360 | Lair:6   | Found a corrupted altar of Lugonu.
 15360 | Lair:6   | Found a one-way gate to the infinite horrors of the Abyss.
 16005 | D:10     | Entered Level 10 of the Dungeon
 17423 | D:12     | Identified the +0 troll leather armour "Pefishrocw" {rN++
                  | Regen+ Dex+2} (Okawaru gifted it to you on level 12 of the
                  | Dungeon)
 17423 | D:12     | Received a gift from Okawaru
 18359 | Orc:2    | Noticed Snorg
 18386 | Orc:1    | Killed Jorgrun
 18387 | Orc:1    | Reached XP level 15. HP: 100/148 MP: 21/21
 18434 | Orc:2    | Killed Snorg
 18444 | Orc:1    | Reached skill level 15 in Unarmed Combat
 18638 | Orc:2    | Found a staircase to the Elven Halls.
 18687 | Orc:2    | Found Zikapeoh's Magic Scroll Shoppe.
 19208 | Orc:2    | Received a gift from Okawaru
 19455 | Orc:2    | Got the Volume of Old and Reckless
 19470 | Orc:2    | Received a gift from Okawaru
 19638 | Orc:2    | Found Qah Coad's Jewellery Boutique.
 19638 | Orc:2    | Found Sigguhi's Magic Scroll Boutique.
 19639 | Orc:2    | Found Uceicedgh's Magic Scroll Shoppe.
 19639 | Orc:2    | Found Muledogg's Weapon Shoppe.
 19659 | Orc:2    | Bought a scroll of enchant armour for 112 gold pieces
 19661 | Orc:2    | Bought the ring "Etunuomn" {Drain rPois EV+4 Str+2 Int+2}
                  | for 650 gold pieces
 20826 | D:14     | Found a gate to the Vaults.
 20875 | D:14     | Reached skill level 10 in Invocations
 21154 | D:14     | Reached skill level 10 in Shields
 21203 | D:14     | Received a gift from Okawaru
 21382 | D:15     | Entered Level 15 of the Dungeon
 21421 | D:15     | Found a staircase to the Depths.
 21495 | D:15     | Identified the +0 robe of Kouff {rF- Str+7 Archmagi}
                  | (Okawaru gifted it to you on level 15 of the Dungeon)
 21495 | D:15     | Received a gift from Okawaru
 21595 | D:15     | Reached skill level 10 in Throwing
 21608 | D:15     | Reached skill level 10 in Fighting
 21654 | D:15     | Acquired a manual of Fighting
 21804 | D:15     | Reached XP level 16. HP: 154/158 MP: 22/22
 21825 | D:15     | Found Counaege's General Store.
 22570 | Orc:2    | Bought a ring of poison resistance for 260 gold pieces
 22803 | Spider:1 | Entered Level 1 of the Spider Nest
 22993 | Spider:1 | Noticed Aizul
 23015 | Spider:1 | Killed Aizul
 23385 | Spider:2 | Reached skill level 16 in Unarmed Combat
 23977 | Spider:2 | Received a gift from Okawaru
 24725 | Spider:3 | Received a gift from Okawaru
 25197 | Spider:4 | Entered Level 4 of the Spider Nest
 25700 | Spider:4 | Received a gift from Okawaru
 26081 | Spider:4 | Reached XP level 17. HP: 147/170 MP: 20/23
 26546 | Spider:4 | Reached skill level 5 in Evocations
 26772 | Spider:4 | Got a gossamer rune of Zot
 27247 | Vaults:1 | Entered Level 1 of the Vaults
 27597 | Vaults:1 | Received a gift from Okawaru
 27600 | Vaults:1 | Reached skill level 17 in Unarmed Combat
 27812 | Vaults:1 | Slain by an ironbound beastmaster

Illustrated notes

Levels and vault maps discovered:
D:1:      roderic_crop_circles_arrival_large, layout_loops_corners
D:2:      layout_rooms
D:3:      layout_rooms, lemuel_doored_altar, ebering_ecumenical_altar_rust,
          minmay_bisected
D:4:      minmay_bubble_buster, layout_basic, elyvilon_altar_3, serial_shops,
          shop_fountains, nicolae_shop_stone, kennysheep_mini_moat,
          kennysheep_little_box, uniq_grinder
D:5:      layout_rooms, serial_bayou_lagoon_a
D:6:      wad_crossroads, layout_basic, minmay_temple_entry_from_below_b
D:7:      layout_gridville, minivault_10, uniq_prince_ribbit1, uniq_maggie
D:8:      layout_loops_ring, special_room [special_room_orc],
          minmay_misc_feat_alley, minivault_26, minmay_stone_trees_small,
          uniq_maurice, uniq_psyche
D:9:      nicolae_whirlpool, layout_irregular_city, david_lair_generic,
          david_orc_4, fountainhead
D:10:     layout_big_octagon, serial_undead, serial_undead_d, serial_undead_c,
          serial_undead_b, serial_undead_a, serial_undead_a
D:11:     layout_roguey, special_room [special_room_kobold]
D:12:     layout_cave_pods
D:13:     layout_cave_pools, minivault_7
D:14:     layout_gridville, erik_vaults_2, roderic_lattice_octagonal_star
D:15:     grunt_enter_depths_hoard, layout_basic, serial_bayou_shore_a,
          serial_shops, nicolae_inconvenience_store
Temple:   regret_index_temple_chain_breaker
Lair:1:   layout_regular_city, basic_altar, serial_bayou_shore_b,
          grunt_megastairs_3
Lair:2:   wander_river, layout_small_grid
Lair:3:   layout_loops_ring, st_stairs_5, lemuel_oklob_altar, lemuel_fruit_tree,
          uniq_fannar
Lair:4:   layout_layer_cave, elwin_shoals_entry_rooms, spider_nest_entry_a,
          portal_ice_cave_entry_imps, grunt_megastairs_5
Lair:5:   layout_loops_ring, slime_altar_2
Lair:6:   hellmonk_lair_end_abyssal_woods, layout_cave_pods,
          infiniplex_staircase_pool, grunt_megastairs_4
Spider:1: layout_spider_delve, uniq_aizul
Spider:2: layout_spider_delve, nicolae_spider_rock_and_or_roll
Spider:3: layout_spider_delve
Spider:4: grunt_spider_rune_circles
Orc:1:    layout_diamond_mine, serial_shops, shop_statue, basic_altar,
          uniq_nergalle
Orc:2:    st_orc_elflike, layout_caves, serial_shops, shop_scrolls,
          special_room, library_closet, nicolae_orc_crystal_geode, uniq_jorgrun,
          uniq_snorg
Vaults:1: nicolae_vaults_sealed_display, v_misc_3, v_alt_pattern_3,
          gammafunk_the_bubble [the_bubble_gammafunk_grid], v_misc_13,
          v_misc_18, vaults_dpeg_encased_lava, nicolae_vaults_mini_display_case,
          nicolae_vaults_windows_and_doors_thing,
          nicolae_vaults_little_squares_2, grunt_vaults_funnel,
          layout_vaults_chaotic_city

Skill      XL: |  1  2  3  4  5  6  7  8  9 10 11 12 13 14 15 16 17 |
---------------+----------------------------------------------------+-----
Unarmed Combat | 3 4 5 6 8 9 10 11 12 13 14 15 16 17 | 17.0
Throwing       | 1 3 4 5 6 8 10 11 | 11.9
Shields        | 3 4 5 6 7 8 9 10 | 10.9
Fighting       | 3 4 5 6 7 8 9 10 11 | 11.6
Evocations     | 1 2 3 4 5 |  5.2
Armour         | 1 3 4 5 6 7 8 |  8.7
Invocations    | 3 5 7 8 9 10 | 10.0
Dodging        | |  2.4

Action                   |  1- 3 |  4- 6 |  7- 9 | 10-12 | 13-15 | 16-18 || total
-------------------------+-------+-------+-------+-------+-------+-------++-------
Melee: Unarmed           |   131 |   104 |   342 |   854 |  1261 |   803 ||  3495
       Flail             |       |       |       |    11 |       |       ||    11
       Demon trident     |       |       |       |       |    40 |       ||    40
Throw: Boomerang         |       |       |     7 |    66 |    46 |    52 ||   171
       Dart              |       |       |     3 |       |       |       ||     3
       Large rock        |       |       |       |       |     3 |     5 ||     8
Invok: Heroism           |       |       |       |     7 |    18 |    12 ||    37
       Finesse           |       |       |       |       |     1 |       ||     1
Evoke: Wand              |       |     3 |     2 |    11 |    14 |    14 ||    44
  Use: Scroll            |       |       |       |    27 |     6 |     1 ||    34
       Potion            |       |       |       |       |       |     2 ||     2
 Stab: Distracted        |       |       |       |     1 |     2 |     1 ||     4
       Sleeping          |       |       |       |     1 |     3 |       ||     4
Armor: Robe              |    39 |    32 |    52 |    15 |    29 |       ||   167
       Acid dragon scale |       |       |     7 |   339 |   358 |   535 ||  1239
Dodge: Dodged            |    34 |    30 |    72 |   246 |   436 |   665 ||  1483
Block: Kite shield       |    57 |    49 |   141 |   447 |   648 |   737 ||  2079
       Tower shield      |       |       |       |       |     3 |       ||     3
